 Dungeon Crawl Stone Soup version 0.29-a0-973-gac7da5f7f0 (webtiles) character file.

Game seed: 9691361789381743682

17 spiderkeys the Trooper (level 2, 0/21 HPs)
             Began as an Octopode Berserker on July 31, 2022.
             Was a Follower of Trog.
             Slain by a goblin
             ... wielding a +0 club
              (2 damage)
             ... on level 1 of the Dungeon.
             The game lasted 00:00:31 (501 turns).

spiderkeys the Trooper (Octopode Berserker)          Turns: 501, Time: 00:00:31

Health: 0/21       AC:  1    Str: 16    XL:     2   Next: 62%
Magic:  2/2        EV: 13    Int:  9    God:    Trog [*.....]
Gold:   31         SH:  0    Dex: 11    Spells: 1/1 levels left

rFire   . . .      SeeInvis .   a - +0 spear
rCold   . . .      Faith    .   (no shield)
rNeg    . . .      Spirit   .   (helmet restricted)
rPois   .          Reflect  .   (no amulet)
rElec   .          Harm     .   (no ring)
rCorr   .          Rampage  .   (no ring)
Will    .....                   (no ring)
Stlth   ++........              (no ring)
HPRegen 0.07/turn               (no ring)
MPRegen 0.08/turn               (no ring)
                                (no ring)
                                (no ring)

@: no status effects
A: almost no armour, amphibious, 8 rings, camouflage 1, gelatinous body 1,
(nimble swimmer 1), tentacles
a: Renounce Religion, Berserk


You were on level 1 of the Dungeon.
You worshipped Trog.
Trog was aware of your devotion.
You visited 1 branch of the dungeon, and saw 1 of its levels.

You collected 31 gold pieces.


Innate Abilities, Weirdness & Mutations

You cannot wear most types of armour.
You are amphibious.
You can wear up to eight rings at the same time.
Your skin changes colour to match your surroundings (Stealth+).
Your rubbery body absorbs attacks. (AC +1, EV +1)
((You are camouflaged when in or above water. (Stealth+)))
You have tentacles for arms and can constrict up to eight enemies at once.


   Skills:
 + Level 3.3 Fighting
 + Level 3.3 Polearms
 + Level 3.3 Dodging


You had one spell level left.
You didn't know any spells.
Your spell library was empty.

Inventory:

Hand Weapons
 a - a +0 spear (weapon)
Missiles
 b - 2 stones (quivered)
 d - 5 poisoned darts
Magical Staves
 e - a staff of poison {forbidden!a}
   (You found it on level 1 of the Dungeon)
Potions
 c - a potion of degeneration {unknown}

Dungeon Overview and Level Annotations

Branches:
Dungeon (1/15) Zot: 5500

Altars:

...............
.......$.......
...............
...............
...(...........
###########...b.........
................gg...>#
#.####......# #@#
#.####......# #.#
#†..........# #†#
#...........# #.#
#......####.####.#
#......# #......#
#......####..######
#.#................
#.#.#.#############


You could see a hobgoblin, a goblin and a bat.


Message History

e - a staff of poison {forbidden!a} Key pressed, stopping explore.
A ball python comes into view.
A ball python is nearby! 😎 HP[+6]
Your hp is fully restored (21).
A ball python is nearby!
The ball python hisses angrily.
You hit the ball python. Your grab misses the ball python.
You squeeze the ball python.
You kill the ball python!
Trog accepts your kill.
No target in view!
No target in view!
No target in view!
You see here a ball python corpse.
A rat comes into view.
An endoplasm comes into view.
Unknown command.
You hit the rat.
You kill the rat!
Trog accepts your kill.
A quokka comes into view.
You see here a rat corpse. 2 bats and a hobgoblin come into view.
Found 3 stones.
Found a stone staircase leading down.
The endoplasm quivers.
The bat moves out of view.
You reach to attack!
You hit the bat but do no damage. The bat misses you.
The bat barely misses you. The bat closely misses you.
You hit the bat. You grab the bat. You tentacle-slap the bat.
You kill the bat!
Trog accepts your kill. The bat closely misses you. The endoplasm freezes you.
You are frozen.
The quokka closely misses you. 😕 HP[-1]
You take 1 damage, and now have 20/21 hp.
You hit the endoplasm. The bat misses you. The endoplasm misses you.
The quokka closely misses you. 😎 HP[+1]
Your hp is fully restored (21).
You hit the endoplasm. You squeeze the endoplasm. The bat barely misses you.
The endoplasm barely misses you. The quokka barely misses you.
You hit the endoplasm.
You kill the endoplasm!
Trog accepts your kill. The bat hits you but does no damage.
The quokka bites you. 😕 HP[-3]
You take 3 damage, and now have 18/21 hp.
You hit the bat but do no damage. Your grab misses the bat.
The hobgoblin shouts!
The bat closely misses you. The quokka bites you.
A goblin comes into view. It is wielding a +0 club. 😮 HP[-3]
You take 3 damage, and now have 15/21 hp.
You are too injured to fight recklessly!
You are too injured to fight recklessly!
You are too injured to fight recklessly!
You are too injured to fight recklessly!
You miss the quokka.
The goblin shouts!
Your grab misses the quokka. The quokka closely misses you. The bat misses you.
You closely miss the quokka. Your grab misses the quokka.
The bat hits you but does no damage. The quokka closely misses you.
The quokka barely misses you.
You miss the quokka. Your grab misses the quokka.
The quokka bites you but does no damage.
You miss the quokka. Your grab misses the quokka. The bat barely misses you.
The quokka bites you. 😮 HP[-4]
You take 4 damage, and now have 11/21 hp.
You hit the quokka but do no damage. Your grab misses the quokka.
The bat hits you.
* * * LOW HITPOINT WARNING * * *
The quokka closely misses you. 😨 HP[-1]
You take 1 damage, and now have 10/21 hp.
You hit the quokka. You grab the quokka.
You constrict the quokka, but do no damage.
The bat closely misses you. The quokka barely misses you.
You barely miss the quokka. You constrict the quokka.
The bat hits you but does no damage. The quokka bites you.
* * * LOW HITPOINT WARNING * * *
😨 HP[-2]
You take 2 damage, and now have 8/21 hp.
You hit the quokka.
You kill the quokka!
Trog accepts your kill. The bat closely misses you.
The goblin hits you with a +0 club.
* * * LOW HITPOINT WARNING * * *
😱 HP[-5]
You take 5 damage, and now have 3/21 hp.
MASSIVE DAMAGE!! (PAUSE)
You closely miss the hobgoblin. You grab the hobgoblin.
You squeeze the hobgoblin. You constrict the hobgoblin. The bat hits you.
* * * LOW HITPOINT WARNING * * *
The goblin hits you with a +0 club.
You die...

Action                   || total
-------------------------++-------
Melee: Spear             ||    41
       Constrict         ||     7
       Tentacles         ||     5
       Punch             ||     1
 Stab: Sleeping          ||     1
Armor: Skin              ||     4
Dodge: Dodged            ||    28

Levels and vault maps discovered:
D:1:      shiori_shiawase, layout_basic, serial_bayou, serial_bayou_pond_a,
          serial_bayou_lagoon_a, serial_bayou_crossing, serial_bayou_pond_e,
          shapermc_ecumenical_altar_venn, minmay_fountain_box,
          minmay_statues_item

Notes
Turn   | Place    | Note
-------+----------+-------------------------------------------
     0 | D:1      | spiderkeys the Octopode Berserker began the quest for the
                  | Orb.
     0 | D:1      | Reached XP level 1. HP: 16/16 MP: 1/1
     0 | D:1      | magus.rc [v1.11.3]
   262 | D:1      | Reached XP level 2. HP: 21/21 MP: 2/2
   500 | D:1      | HP: 3/21 [goblin/+0 club (5)]
   501 | D:1      | Slain by a goblin

Vanquished Creatures
  A bat (D:1)
  2 endoplasms (D:1)
  A giant cockroach (D:1)
  A hobgoblin (D:1)
  2 jackals (D:1)
  2 kobolds (D:1)
  A quokka (D:1)
  A ball python (D:1)
  2 frilled lizards (D:1)
  A goblin (D:1)
  A rat (D:1)
15 creatures vanquished.

Vanquished Creatures (others)
  9 plants (D:1)
9 creatures vanquished.

Grand Total: 24 creatures vanquished

Table legend:
 A = Non-vault XP
 B = Vault XP
 C = Vault XP percentage of total XP
 D = Non-vault monster count
 E = Vault monster count
 F = Vault count percentage of total count
                 A         B        C        D         E       F
            +---------+---------+-------+---------+---------+-------
      Total |      25 |       0 |   0.0 |      15 |       0 |   0.0
            +---------+---------+-------+---------+---------+-------
        D:1 |      25 |       0 |   0.0 |      15 |       0 |   0.0
            +---------+---------+-------+---------+---------+-------

Illustrated notes

Table legend:
 A = Kills in this place as a percentage of kills in entire the game.
 B = Kills by you in this place as a percentage of kills by you in the entire game.
 C = Kills by friends in this place as a percentage of kills by friends in the entire game.
 D = Other kills in this place as a percentage of other kills in the entire game.
 E = Experience gained in this place as a percentage of experience gained in the entire game.
 F = Experience gained in this place divided by the number of levels of this place that you have seen.
                   A       B       C       D       E      F
               +-------+-------+-------+-------+-------+----------------------
         Total | 100.0 | 100.0 |   N/A |   N/A | 100.0 |  25.0
       Dungeon | 100.0 | 100.0 |   N/A |   N/A | 100.0 |  25.0
               +-------+-------+-------+-------+-------+----------------------

Table legend: (Time is in decaauts)
 A = Elapsed time spent in this place.
 B = Non-inter-level travel time spent in this place.
 C = Inter-level travel time spent in this place.
 D = Time resting spent in this place.
 E = Time spent auto-exploring this place.
 F = Levels seen in this place.
 G = Mean time per level.
                   A        B        C        D        E       F      G
               +--------+--------+--------+--------+--------+-----+--------+
         Total |    499 |    499 |      0 |      0 |    419 |   1 |  499.0 |
       Dungeon |    499 |    499 |      0 |      0 |    419 |   1 |  499.0 |
               +--------+--------+--------+--------+--------+-----+--------+

Top non-repeatable levels by time:
     D:1: 499 daAuts
